 Dungeon Crawl Stone Soup version 0.30.1-11-g7821555f0a (webtiles) character file.

Game seed: 2838781736303095770

42 bnorton916 the Firebug (level 3, -3/19 HPs)
             Began as a Deep Elf Fire Elementalist on Nov 22, 2023.
             Slain by an iguana (9 damage)
             ... on level 1 of the Dungeon.
             The game lasted 00:01:15 (1545 turns).

bnorton916 the Firebug (Deep Elf Fire Elementalist) Turns: 1545, Time: 00:01:16

Health: -3/19      AC:  2    Str:  5    XL:     3   Next: 35%
Magic:  0/10       EV: 12    Int: 21    God:
Gold:   74         SH:  0    Dex: 15    Spells: 8/9 levels left

rFire   . . .        (no weapon)
rCold   . . .        (no shield)
rNeg    . . .        a - +0 robe
rPois   .            (no helmet)
rElec   .            (no cloak)
rCorr   .            (no gloves)
SInv    .            (no boots)
Will    .....        (no amulet)
Stlth   ++           (no ring)
HPRegen 0.23/turn    (no ring)
MPRegen 0.12/turn

%: no passive effects
@: no status effects
A: no striking features
a: no special abilities


You were on level 1 of the Dungeon.
You visited 1 branch of the dungeon, and saw 2 of its levels.

You collected 74 gold pieces.

Inventory:

Armour
 a - a +0 robe (worn)
Jewellery
 c - an amulet of faith
Scrolls
 d - 3 scrolls of identify {unknown}
 e - a scroll of immolation {unknown}
 g - a scroll of magic mapping {unknown}
 i - a scroll of vulnerability {unknown}
 j - a scroll of amnesia {unknown}
 l - a scroll of teleportation {unknown}
Potions
 b - a potion of magic
 f - a potion of curing {unknown}
 h - a potion of attraction {unknown}
 k - a potion of heal wounds {unknown}


   Skills:
 - Level 2.4 Dodging
 - Level 2.4 Stealth
 + Level 3.8 Spellcasting
 + Level 2.2 Conjurations
 + Level 3.9 Fire Magic


You had 8 spell levels left.
You knew the following spells:

 Your Spells              Type           Power      Damage    Failure   Level
a - Foxfire               Conj/Fire      68%        2x1d7     3%          1

Your spell library contained the following spells:

 Spells                   Type           Power      Damage    Failure   Level
 Scorch                   Fire           40%        2d6       3%          2
 Inner Flame              Hex/Fire       12%        N/A       16%         3
 Volatile Blastmotes      Fire/Tloc      24%        2d12      16%         3
 Flame Wave               Conj/Fire      17%        2d7       34%         4


Dungeon Overview and Level Annotations

Branches:
Dungeon (2/15)

Altars:


Message History

Confirm with . or Enter, or press ? or * to list all spells.
You don't have enough magic to cast this spell.
Casting: Foxfire (safe; 3% risk of failure)
Confirm with . or Enter, or press ? or * to list all spells.
You don't have enough magic to cast this spell.
Unknown command.
The iguana attacks as you move away! The iguana bites you.
The iguana attacks as you move away!
The iguana bites you but does no damage.
Casting: Foxfire (safe; 3% risk of failure)
Confirm with . or Enter, or press ? or * to list all spells.
You don't have enough magic to cast this spell.
Casting: Foxfire (safe; 3% risk of failure)
Confirm with . or Enter, or press ? or * to list all spells.
You conjure some foxfire!
The iguana closely misses you.
The foxfire hits the iguana but does no damage.
The iguana is almost dead.
The foxfire hits the iguana but does no damage.
The iguana is almost dead.
The iguana closely misses you.
You completely miss the iguana.
The iguana is almost dead.
The iguana misses you. The iguana attacks as you move away!
The iguana bites you!
Ouch! That really hurt!
* * * LOW HITPOINT WARNING * * *
There is a stone staircase leading up here.
The iguana barely misses you.
You climb upwards.
There is a stone staircase leading down here.
Casting: Foxfire (safe; 3% risk of failure)
Confirm with . or Enter, or press ? or * to list all spells.
You conjure some foxfire!
The iguana barely misses you.
The foxfire hits the iguana but does no damage.
The iguana is almost dead.
The foxfire hits the iguana but does no damage.
The iguana is almost dead.
The iguana barely misses you. The iguana attacks as you move away!
The iguana bites you!
You die...

#########...........# #####
#...................# #[..#
#...................# ##
#...###...................# #.
#.....#...................# #.
#...#.#...................# #.
#...#...............(..[..###.
#...###.......................
####........>..l@....###########.
.....................### ######.
........)..............# #.##...
..........##..########)# #.##...
#############...# #.####.##...
#............### #......##...
#..............# ####.#......
#...........##.#######.....###
#...................##.###.# #


You could see an iguana.

Vanquished Creatures
  An adder (D:2)
  A worm (D:2)
  A dart slug (D:1)
  5 ball pythons
  2 bats (D:2)
  2 endoplasms (D:1)
  4 goblins
  2 hobgoblins
  4 kobolds (D:2)
  2 frilled lizards
  4 rats (D:2)
28 creatures vanquished.

Vanquished Creatures (others)
  189 foxfires
189 creatures vanquished.

Grand Total: 217 creatures vanquished

Notes
Turn   | Place    | Note
-------+----------+-------------------------------------------
     0 | D:1      | bnorton916 the Deep Elf Fire Elementalist began the quest
                  | for the Orb.
     0 | D:1      | Reached XP level 1. HP: 10/10 MP: 6/6
   419 | D:1      | Reached XP level 2. HP: 15/15 MP: 4/8
   892 | D:2      | Reached XP level 3. HP: 19/19 MP: 6/10
  1545 | D:1      | Slain by an iguana

Illustrated notes

Levels and vault maps discovered:
D:1:      dpeg_arrival_long_road, layout_basic
D:2:      layout_basic, lightli_corner_chamber

Skill      XL: |  1  2 |
---------------+-------+-----
Conjurations   | 2 |  2.2
Dodging        | |  2.4
Stealth        | |  2.4
Spellcasting   | |  3.8
Fire Magic     | |  3.9

Action                     || total
---------------------------++-------
  Melee: Unarmed           ||     1
   Cast: Foxfire           ||   101
 Armour: Robe              ||     3
  Dodge: Dodged            ||    15
